 Dungeon Crawl Stone Soup version 0.30.0-10-gfe55d96785 (webtiles) character file.

Game seed: 14900915767432276549

10 SnakkuSnakku7 the Stinger (level 2, -4/14 HPs)
             Began as a Vine Stalker Venom Mage on May 14, 2023.
             Slain by a worm (8 damage)
             ... on level 2 of the Dungeon.
             The game lasted 00:00:37 (611 turns).

SnakkuSnakku7 the Stinger (Vine Stalker Venom Mage)  Turns: 611, Time: 00:00:38

Health: -4/14      AC:  2    Str: 10    XL:     2   Next: 20%
Magic:  0/6        EV: 12    Int: 15    God:
Gold:   50         SH:  0    Dex: 14    Spells: 4/5 levels left

rFire   . . .        (no weapon)
rCold   . . .        (no shield)
rNeg    . . .        a - +0 robe
rPois   .            (no helmet)
rElec   .            (no cloak)
rCorr   .            (no gloves)
SInv    .            (no boots)
Will    .....        (no amulet)
Stlth   ++           (no ring)
HPRegen 0.22/turn    (no ring)
MPRegen 0.10/turn

%: guardian spirit
@: very slightly contaminated
A: fangs 2, magic shield, antimagic bite, no potion heal 2
a: no special abilities


You were on level 2 of the Dungeon.
You visited 1 branch of the dungeon, and saw 2 of its levels.

You collected 50 gold pieces.

Inventory:

Armour
 a - a +0 robe (worn)
Scrolls
 c - a scroll of magic mapping {unknown}
 f - 2 scrolls of immolation {unknown}
 j - 2 scrolls of teleportation {unknown}
Potions
 b - a potion of magic
 d - 2 potions of heal wounds {unknown}
 e - a potion of attraction {unknown}
 g - a potion of mutation {unknown}
 h - a potion of haste {unknown}
 i - a potion of resistance {unknown}


   Skills:
 + Level 1.0 Fighting
 - Level 1.5 Dodging
 - Level 2.4 Stealth
 - Level 2.1 Spellcasting
 - Level 1.0 Transmutations
 + Level 3.3 Poison Magic


You had 4 spell levels left.
You knew the following spells:

 Your Spells              Type           Power      Damage    Failure   Level
a - Sting                 Tmut/Pois      32%        1d4       9%          1

Your spell library contained the following spells:

 Spells                   Type           Power      Damage    Failure   Level
 Poisonous Vapours        Pois/Air       12%        N/A       17%         2
 Summon Small Mammal      Summ           4%         N/A       22%         1
 Mephitic Cloud           Conj/Pois/Air  4%         N/A       38%         3
 Olgreb's Toxic Radiance  Pois           11%        N/A       50%         4
 Call Canine Familiar     Summ           1%         N/A       54%         3
 Summon Guardian Golem    Hex/Summ       1%         N/A       54%         3


Dungeon Overview and Level Annotations

Branches:
Dungeon (2/15)

Altars:


Innate Abilities, Weirdness & Mutations

You have extremely sharp teeth.
When hurt, damage is shared between your health and your magic reserves.
Your bite disrupts and absorbs the magic of your enemies.
Potions cannot restore your health.


Message History

Found a club.
Found an escape hatch in the floor.
There is an open door here.
Things that are here:
a +0 dagger; a kobold corpse Done exploring.
Done exploring.
(D) Dungeon
Where to? (? - help)
There is a stone staircase leading down here.
You climb downwards.
Found three items.
There is a stone staircase leading up here.
A bat is nearby!
A bat is nearby!
Found two daggers and a scroll labelled MERATABRONUN.
A worm comes into view.
You can't see any susceptible monsters within range! (Use Z to cast anyway.)
The sting hits the bat.
The bat is poisoned.
You kill the bat!
The sting hits the worm.
The worm is poisoned.
The worm is lightly wounded.
The sting hits the worm.
The worm looks even sicker.
The worm is lightly wounded.
The sting hits the worm.
The worm looks even sicker.
The worm is moderately wounded.
You miscast Sting.
You are very lightly contaminated with residual magic.
Nothing appears to happen.
The worm bites you!
Ouch! That really hurt!
* * * LOW HITPOINT WARNING * * *
You hit the worm but do no damage.
The worm is moderately wounded.
The worm misses you.
You hit the worm but do no damage. Your bite misses the worm.
The worm is moderately wounded.
You hit the worm.
The worm is heavily wounded.
The worm bites you!
Ouch! That really hurt!
You die...

### #<# #.#
#######.#+####
#............#
#......@.....#
#......w.......
#...)..........
#.)....(.?..###
#..........?..
#............##
############.#
..


You could see a worm (very poisoned).

Vanquished Creatures
  An endoplasm (D:1)
  A giant cockroach (D:1)
  2 jackals (D:1)
  A kobold (D:1)
  A bat (D:2)
  2 frilled lizards (D:1)
  2 rats (D:1)
10 creatures vanquished.

Notes
Turn   | Place    | Note
-------+----------+-------------------------------------------
     0 | D:1      | SnakkuSnakku7 the Vine Stalker Venom Mage began the quest
                  | for the Orb.
     0 | D:1      | Reached XP level 1. HP: 9/9 MP: 4/4
   241 | D:1      | Reached XP level 2. HP: 12/14 MP: 4/6
   491 | D:1      | Reached skill level 1 in Fighting
   611 | D:2      | Slain by a worm

Illustrated notes

Levels and vault maps discovered:
D:1:      minmay_arrival_shoal_huts, layout_loops_ring
D:2:      layout_basic, serial_bayou_pond_e, uniq_robin

Skill      XL: |  1  2 |
---------------+-------+-----
Fighting       | 1 |  1.0
Dodging        | |  1.5
Stealth        | |  2.4
Spellcasting   | |  2.1
Transmutations | |  1.0
Poison Magic   | |  3.3

Action                     || total
---------------------------++-------
  Melee: Unarmed           ||    13
         Bite              ||     3
   Cast: Sting             ||    15
 Armour: Robe              ||     3
  Dodge: Dodged            ||    10
